AoeStats
← 不動游星

Arena

510559961Analyzed
4v4 RM · 23h ago on Oct 1, 2026· 76m 21s· 8 players
Game mode
Random Map
Map size
Large (8 player)
Population
200
Speed
Normal
Resources
Standard
Victory
Conquest
Starting age
Dark Age
Ending age
Imperial Age
RankedLock teamsTeams togetherTeam positionsShared explorationLock speedFull tech treeHidden civsTurbo modeCheats
Victory
Defeat
🇪🇸 Spanish · Spain
800
+26
🇧🇷 Cumans · Brazil
794
+17
🇹🇼 Italians · Taiwan
785
+17
🇨🇦 Persians · Canada
775
+17
🇺🇸 Spanish · United States
859
-19
🇲🇽 Britons · Mexico
816
-17
🇧🇷 Persians · Brazil
807
-17
🇩🇪 Saracens · Germany
740
-14
Khan-Baba
5:42 Loom
13:12 Feudal Age
14:32 Double-Bit Axe
16:48 Gold Mining
19:06 Castle Age
17:26 Forging
19:09 Stone Mining
19:27 Scale Barding Armor
19:06 Horse Collar
21:18 Wheelbarrow
21:51 Town Watch
28:51 Heavy Plow
29:03 Bow Saw
29:22 Chain Barding Armor
31:07 Murder Holes
34:55 Imperial Age
32:41 Hand Cart
32:40 Husbandry
34:01 Ballistics
33:55 Masonry
33:56 Town Patrol
34:12 Bloodlines
36:01 Cavalier
38:17 Two-Man Saw
38:39 Savar
不動游星
8:58 Feudal Age
14:19 Castle Age
13:03 Double-Bit Axe
13:13 Horse Collar
15:45 Bow Saw
27:38 Imperial Age
26:18 Wheelbarrow
26:28 Heavy Plow
27:35 Hand Cart
27:41 Fletching
27:51 Padded Archer Armor
28:45 Bodkin Arrow
30:03 Chemistry
30:56 Two-Man Saw
29:24 Elite Skirmisher
30:51 Conscription
30:41 Bracer
31:31 Crop Rotation
32:19 Thumb Ring
31:51 Light Cavalry
32:42 Bloodlines
32:59 Leather Archer Armor
33:51 Hussar
34:32 Husbandry
34:37 Scale Mail Armor
34:47 Forging
35:08 Ring Archer Armor
35:45 Scale Barding Armor
37:18 Iron Casting
36:59 Chain Mail Armor
39:43 Elite Genoese Crossbowman
40:48 Chain Barding Armor
40:58 Plate Mail Armor
41:28 Blast Furnace
45:53 Ballistics
46:11 Plate Barding Armor
64:57 Pikeman
65:37 Squires
65:23 Arson
65:45 Murder Holes
66:00 Masonry
66:02 Fortified Wall
65:38 Arrowslits
66:16 Bombard Tower
DarthMirous
9:45 Feudal Age
11:33 Double-Bit Axe
11:31 Horse Collar
20:10 Castle Age
18:53 Wheelbarrow
18:33 Stone Mining
18:36 Gold Mining
21:40 Heavy Plow
21:52 Bow Saw
24:07 Gold Shaft Mining
28:01 Imperial Age
27:09 Forging
28:45 Iron Casting
28:16 Scale Barding Armor
29:18 Bloodlines
28:33 Light Cavalry
30:51 Blast Furnace
30:28 Conscription
31:22 Chain Barding Armor
30:27 Hussar
31:56 Fletching
32:27 Cavalier
33:30 Bodkin Arrow
34:16 Steppe Husbandry
35:55 Elite Steppe Lancer
39:28 Plate Barding Armor
39:55 Paladin
53:01 Caravan
54:38 Capped Ram
56:40 Siege Ram
59:57 Arson
VerrücktMan
12:09 Feudal Age
12:40 Double-Bit Axe
13:05 Horse Collar
17:15 Castle Age
19:52 Gold Mining
20:36 Bow Saw
21:50 Stone Mining
24:19 Caravan
24:56 Scale Barding Armor
26:43 Stone Shaft Mining
27:42 Husbandry
29:27 Chain Barding Armor
29:46 Heavy Plow
31:03 Forging
32:04 Wheelbarrow
36:27 Imperial Age
36:30 Cavalier
38:06 Plate Barding Armor
38:21 Paladin
44:58 Conscription
49:49 Hand Cart
49:20 Loom
52:03 Two-Man Saw
50:38 Elite Conquistador
52:13 Fletching
52:24 Padded Archer Armor
53:00 Iron Casting
56:37 Bodkin Arrow
56:57 Leather Archer Armor
Lemures
3:06 Loom
11:19 Feudal Age
11:55 Double-Bit Axe
13:19 Wheelbarrow
21:00 Castle Age
18:48 Horse Collar
21:06 Scale Barding Armor
21:15 Forging
20:59 Stone Mining
21:46 Pikeman
24:53 Hand Cart
27:30 Heavy Plow
27:42 Bow Saw
36:45 Imperial Age
36:11 Bloodlines
36:07 Gold Mining
38:16 Conscription
39:33 Iron Casting
39:18 Chain Barding Armor
38:49 Fletching
38:59 Padded Archer Armor
39:14 Halberdier
39:55 Elite Conquistador
50:39 Capped Ram
53:29 Blast Furnace
52:29 Scale Mail Armor
53:04 Plate Barding Armor
52:26 Bodkin Arrow
52:46 Leather Archer Armor
57:54 Hoardings
61:45 Elite Skirmisher
Sir Corsario II
11:22 Feudal Age
16:10 Castle Age
14:57 Padded Archer Armor
14:47 Loom
14:49 Man-at-Arms
17:30 Arson
23:40 Horse Collar
24:10 Double-Bit Axe
26:05 Long Swordsman
26:30 Gambesons
28:09 Fletching
28:17 Crossbowman
30:39 Heavy Plow
30:53 Bow Saw
31:24 Leather Archer Armor
33:14 Ballistics
33:05 Fortified Wall
32:50 Murder Holes
37:43 Imperial Age
36:12 Bodkin Arrow
36:19 Scale Mail Armor
36:29 Forging
39:02 Arbalester
41:29 Heavy Mounted Crossbowman
65:44 Elite Skirmisher
65:45 Cranequins
Tha_JB
4:55 Loom
11:49 Feudal Age
13:13 Man-at-Arms
13:48 Town Watch
14:23 Double-Bit Axe
14:52 Horse Collar
18:18 Wheelbarrow
17:59 Gold Mining
21:36 Forging
25:44 Castle Age
23:41 Stone Mining
26:54 Bow Saw
29:39 Imperial Age
27:20 Heavy Plow
28:31 Long Swordsman
28:57 Gambesons
29:13 Squires
28:59 Arson
30:48 Iron Casting
30:14 Scale Mail Armor
30:20 Scale Barding Armor
30:06 Fletching
30:17 Padded Archer Armor
31:33 Hoardings
31:19 Conscription
31:52 Gold Shaft Mining
32:34 Ballistics
32:25 Fortified Wall
31:58 Two-Handed Swordsman
33:53 Husbandry
33:29 Pikeman
36:12 Blast Furnace
36:14 Bloodlines
38:03 Hand Cart
37:49 Town Patrol
39:41 Heavy Camel Rider
41:10 Chain Barding Armor
43:04 Two-Man Saw
45:10 Murder Holes
46:32 Masonry
48:45 Elite Mameluke
50:48 Light Cavalry
53:05 Bodkin Arrow
55:15 Bracer
56:25 Plate Barding Armor
68:25 Champion
68:58 Hussar
72:04 Elite Skirmisher
joaoinkgamer
0:51 Loom
12:22 Feudal Age
16:13 Castle Age
14:36 Double-Bit Axe
18:18 Horse Collar
19:42 Bow Saw
20:24 Town Watch
22:22 Fletching
25:49 Murder Holes
27:33 Gold Mining
29:07 Stone Mining
29:41 Heavy Plow
34:50 Imperial Age
33:53 Gold Shaft Mining
32:49 Pikeman
36:35 Wheelbarrow
38:02 Kamandaran
37:46 Crossbowman
39:17 Husbandry
40:11 Forging
42:26 Chemistry
45:29 Cavalier
46:56 Iron Casting
46:37 Halberdier
50:15 Bloodlines
52:08 Thumb Ring
52:00 Bodkin Arrow
55:35 Hand Cart
55:24 Savar
59:24 Blast Furnace
Connection lost

Rejoining the realm…

Still unreachable

The connection could not be restored.

Session expired

The server has moved on; the page needs a fresh start.